cohdb
Replays
Latest Replays
All Replays
Popular Replays
Top Player Replays
Match Explorer
How It Works
Community
CoH3 Stats
Reddit
Sign in to upload your games and track your stats! →
Sign in with Steam
tigervsrangers
Match 18116598
Overview
Messages
Build Orders
End
Kettenkrad Recon Vehicle
Construct Infanterie Kompanie
MG 42 Machine Gun Team
MG 42 Machine Gun Team
Grenadier Squad
Construct Luftwaffe Kompanie
Jäger Squad
Jäger Squad
Medical Station
Support Elements
Wirbelwind Flakpanzer
Medical Station
Selects Breakthrough Battlegroup
Selects Rapid Production
Selects Assault Grenadiers
Wirbelwind Flakpanzer
Jäger Squad
Selects Blitzkrieg
Luftwaffe Officer Quarters
Flak 30 Anti-aircraft Gun Team
Marder III M Tank Destroyer
Pioneer Squad
Selects Tiger Heavy Tank
Tiger Heavy Tank
Jäger Squad
Jäger Squad
Wirbelwind Flakpanzer
Selects Breakthrough
Jäger Squad
Pioneer Squad
Wirbelwind Flakpanzer
Wirbelwind Flakpanzer
Marder III M Tank Destroyer
Pioneer Squad
Breakthrough
Wirbelwind Flakpanzer
RtN.havoc
Dumais
0
0
Comments
sign in to comment!
No comments posted yet!